Map: Kairos Junction LE

Players

Bathtub

  • Race: Terran Terran
  • League: Master
  • Spawn Location: 11:00

llllllllllll - Winner!

  • Race: Protoss Protoss
  • League: Master
  • Spawn Location: 5:00

VOD

Have the link to the VOD?

Description

Time

  • Played on: Dec. 4, 2018, 5:05 p.m.
  • Length: 7:57
Show
View Real Time Build Order
Export as new Build Order

Bathtub Terran 

Build Orders: Cyclone Opening 

Get SALT Encoding   

  12  0:00  SCV  
  13  0:12  SCV  
  14  0:17  Supply Depot  
  14  0:24  SCV  
  14  0:28  Refinery  
  15  0:39  SCV  
  16  0:47  Barracks  
  16  0:51  SCV  
  16  0:56  Refinery  
  17  1:03  SCV  
  18  1:15  SCV  
  19  1:34  Orbital Command  
  19  1:35  Reaper  
  19  1:37  Factory  
  20  1:45  Supply Depot  
  20  2:00  SCV  
  21  2:12  SCV  
  22  2:20  Factory Tech Lab  
  22  2:24  SCV  
  23  2:36  Command Center  
  24  2:42  Barracks Reactor  
  24  2:43  Cyclone  
  26  2:46  SCV  
  27  2:58  SCV  
  28  3:01  Supply Depot  
  28  3:11  SCV  
  28  3:17  Siege Tank  
  31  3:22  Starport  
  31  3:23  Marine  
  32  3:28  SCV  
  33  3:40  SCV  
  33  3:41  Marine x2  
  36  3:49  Siege Tank  
  36  3:52  SCV  
  40  3:58  Marine  
  40  4:02  Starport Tech Lab, Marine  
  41  4:04  SCV  
  41  4:06  Liberator  
  43  4:15  Orbital Command  
  43  4:16  SCV, Marine  
  44  4:20  Marine  
  48  4:29  SCV  
  49  4:32  Siege Tank  
  49  4:35  Marine  
  49  4:36  Supply Depot  
  53  4:40  SCV  
  54  4:49  Liberator  
  54  4:58  SCV x2, Supply Depot, Marine x2  
  61  5:10  SCV  
  62  5:16  Engineering Bay  
  62  5:19  Marine x2  
  62  5:20  SCV, Siege Tank  
  68  5:22  SCV, Supply Depot  
  69  5:32  SCV  
  70  5:35  Supply Depot  
  70  5:37  Supply Depot  
  70  5:43  SCV, Marine x2  
  70  5:44  SCV  
  74  6:01  Marine x2  
  67  6:16  SCV  
  66  6:18  Marine  
  66  6:25  Marine  
  61  6:26  SCV  
  61  6:28  SCV, Refinery  
  61  6:31  Command Center  
  61  6:34  Barracks x2  
  61  6:35  Engineering Bay  
  61  6:36  Siege Tank, Marine  
  61  6:37  Command Center  
  61  6:38  SCV  
  63  6:40  SCV, Starport Reactor  
  56  6:50  SCV  
  56  6:52  SCV  
  58  6:54  Supply Depot  
  58  6:55  Supply Depot  
  58  6:58  Supply Depot, Refinery, Marine x2  
  60  7:02  SCV  
  60  7:08  SCV  
  57  7:15  Marine  
  57  7:16  Marine  
  57  7:21  Marine x2  
  41  7:22  SCV  
  34  7:33  Marine x2  
  28  7:38  Marine  
  28  7:39  Marine  
Show
View Real Time Build Order
Export as new Build Order

llllllllllll Protoss - Winner!

Build Orders:  

Get SALT Encoding   

  12  0:01  Probe  
  13  0:13  Probe  
  14  0:20  Pylon  
  14  0:21  Probe  
  15  0:34  Probe  
  15  0:40  Gateway  
  16  0:45  Probe  
  17  0:50  Assimilator  
  17  0:57  Probe  
  18  1:06  Assimilator  
  18  1:10  Probe  
  19  1:22  Probe  
  19  1:23  Pylon, Zealot  
  20  1:29  Cybernetics Core  
  22  1:38  Probe  
  23  1:50  Probe  
  24  2:02  Adept  
  24  2:05  Nexus  
  24  2:15  Warp Gate  
  26  2:17  Probe  
  27  2:28  Adept  
  29  2:36  Robotics Facility  
  29  2:40  Probe  
  30  2:52  Probe  
  31  2:58  Pylon  
  31  3:04  Shield Battery  
  31  3:14  Immortal  
  31  3:16  Probe  
  32  3:20  Probe  
  36  3:28  Probe  
  36  3:31  Probe  
  38  3:39  Probe  
  38  3:41  Probe  
  39  3:48  Twilight Council  
  40  3:50  Gateway  
  40  3:53  Probe x2, Observer  
  43  4:05  Probe  
  43  4:07  Immortal  
  43  4:08  Gateway  
  45  4:14  Charge  
  48  4:20  Probe x2  
  50  4:31  Pylon  
  50  4:32  Probe  
  50  4:37  Probe, Pylon  
  52  4:40  Stalker  
  54  4:49  Probe  
  54  4:52  Probe  
  56  4:55  Gateway  
  56  5:00  Gateway  
  56  5:01  Probe, Warp Prism  
  57  5:08  Gateway  
  57  5:09  Gateway  
  59  5:18  Sentry x2  
  59  5:20  Zealot  
  65  5:30  Pylon  
  65  5:32  Immortal  
  68  5:43  Stalker  
  68  5:49  Pylon  
  53  6:13  Zealot x3  
  53  6:14  Zealot x3  
  59  6:28  Stalker  
  57  6:36  Stalker x2  
  54  7:04  Zealot x2  
  54  7:05  Zealot x2  
  46  7:29  Zealot x4  
  50  7:30  Zealot x2  
  50  7:35  Zealot  
Tags
 
Add a new tag
Caveats
  • Supply blocks, unpowered buildings, or Contaminate may cause inaccurate times.
  • Supply counts are checked every 10 seconds.